 Dungeon Crawl Stone Soup version 0.20.1-1-g8b1a95d (webtiles) character file.

65 Peloso the Skirmisher (level 3, -1/29 HPs)
             Began as a Demonspawn Fighter on Aug 2, 2017.
             Slain by a hobgoblin
             ... wielding a +0 club
              (6 damage)
             ... on level 2 of the Dungeon.
             The game lasted 00:02:23 (1139 turns).

Peloso the Skirmisher (Demonspawn Fighter)          Turns: 1139, Time: 00:02:24

Health: -1/29      AC: 10    Str: 17    XL:     3   Next: 92%
Magic:  3/3        EV:  7    Int:  9    God:
Gold:   84         SH:  9    Dex: 12    Spells: 2/2 levels left

rFire    . . .     SeeInvis .   a - +0 long sword
rCold    + . .     Gourm    .   c - +0 shield
rNeg     . . .     Faith    .   b - +0 scale mail
rPois    .         Spirit   .   (no helmet)
rElec    .         Reflect  .   (no cloak)
rCorr    .         Harm     .   p - +0 pair of gloves
MR       .....                  (no boots)
Stlth    +.........             (no amulet)
Regen    0.1/turn               h - ring of stealth
MPRegen  0.1/turn               (no ring)

@: lethally poisoned (-1 -> -3)
A: icy blue scales 1, cold resistance 1
a: no special abilities


You were on level 2 of the Dungeon.
You were not hungry.

You visited 1 branch of the dungeon, and saw 2 of its levels.

You collected 84 gold pieces.

Inventory:

Hand Weapons
 a - a +0 long sword (weapon)
Armour
 b - a +0 scale mail (worn)
 c - a +0 shield (worn)
 p - a +0 pair of gloves (worn)
Jewellery
 h - a ring of stealth (left hand)
Scrolls
 e - 3 scrolls of identify {unknown}
 i - a scroll of teleportation {unknown}
 j - a scroll of fog {unknown}
 k - 3 scrolls of fear {unknown}
 m - a scroll of remove curse {unknown}
 n - a scroll of recharging {unknown}
 o - a scroll of amnesia {unknown}
Potions
 d - a potion of might
 g - 2 potions of heal wounds {unknown}
Comestibles
 f - a bread ration
 l - a royal jelly
 q - 4 chunks of flesh


   Skills:
 + Level 3.4 Fighting
 + Level 2.2 Long Blades
 + Level 3.3 Armour
 + Level 0.3 Dodging
 + Level 3.1 Shields


You had 2 spell levels left.
You didn't know any spells.

Dungeon Overview and Level Annotations

Branches:
Dungeon (2/15)

Altars:
Ashenzari
Nemelex Xobeh


Innate Abilities, Weirdness & Mutations

You are partially covered in icy blue scales. (AC +2)
Your flesh is cold resistant. (rC+)


Message History

You closely miss the hobgoblin. You block the hobgoblin's attack.
You hit the hobgoblin but do no damage.
You feel sick.
The hobgoblin hits you but does no damage.
You barely miss the hobgoblin.
The hobgoblin hits you but does no damage.
The hobgoblin barely misses you.
You completely miss the hobgoblin.
You feel sick. You block the hobgoblin's attack.
You closely miss the hobgoblin.
The hobgoblin hits you but does no damage.
You barely miss the hobgoblin.
You feel sick. The hobgoblin hits you with a club.
* * * LOW HITPOINT WARNING * * *
The hobgoblin hits you but does no damage.
You barely miss the hobgoblin.
The hobgoblin hits you but does no damage.
You hit the hobgoblin.
The hobgoblin is heavily wounded.
The hobgoblin hits you with a club.
You die...

................#
######.####.##.# ..#
#.# #.##.## #.# #.#
#.#.... #.# #.# #.#....
. #.# #.# #.#...# ...
#†###.####.#...#
#..#####.#............#
#(...(@g.[.#.####.##..#
#.#.########...........
# ##########.# #.#
######.# .........
#######.. #(. ####..


You could see a hobgoblin.

Vanquished Creatures
  3 gnolls (D:2)
  An adder (D:2)
  A worm (D:2)
  A dart slug (D:1)
  2 leopard geckos
  A giant cockroach (D:1)
  2 goblins (D:1)
  4 hobgoblins
  2 bats
  A frilled lizard (D:2)
  2 kobolds (D:1)
  2 rats (D:1)
22 creatures vanquished.

Notes
Turn   | Place    | Note
-------+----------+-------------------------------------------
     0 | D:1      | Peloso the Demonspawn Fighter began the quest for the Orb.
     0 | D:1      | Reached XP level 1. HP: 18/18 MP: 1/1
   245 | D:1      | Found a shattered altar of Ashenzari.
   253 | D:1      | Gained mutation: Your flesh is cold resistant. (rC+) [demonic ancestry]
   253 | D:1      | Reached XP level 2. HP: 3/24 MP: 2/2
   959 | D:2      | Found a sparkling altar of Nemelex Xobeh.
  1009 | D:2      | Gained mutation: You are partially covered in icy blue scales. (AC +2) [demonic ancestry]
  1009 | D:2      | Reached XP level 3. HP: 24/29 MP: 3/3
  1139 | D:2      | Slain by a hobgoblin

Skill      XL: |  1  2  3 |
---------------+----------+-----
Armour         | 3 |  3.3
Long Blades    | 2 |  2.2
Shields        | 3 |  3.1
Fighting       | |  3.4
Dodging        | |  0.3

Action                   || total
-------------------------++-------
Melee: Long sword        ||   101
  Eat: Chunk             ||     1
Armor: Scale mail        ||    53
Dodge: Dodged            ||    20
Block: Shield            ||    46
       Rpst.: Long sword ||     2
